 Dungeon Crawl Stone Soup version 0.30-a0-168-g0b976cbdc4 (webtiles) character file.

Game seed: 17721194135256073364

94 qw the Chopper (level 4, -1/28 HPs)
             Began as a Gargoyle Fighter on Sept 29, 2022.
             Slain by an ogre
             ... wielding a +0 giant club
              (11 damage)
             ... on level 4 of the Dungeon.
             The game lasted 00:00:52 (2543 turns).

qw the Chopper (Gargoyle Fighter)                   Turns: 2543, Time: 00:00:53

Health: -1/28      AC: 15    Str: 21    XL:     4   Next: 63%
Magic:  4/4        EV:  5    Int:  9    God:
Gold:   165        SH:  4    Dex:  9    Spells: 3/3 levels left

rFire   . . .      SeeInvis .    Y - +0 war axe
rCold   . . .      Faith    .    c - +0 buckler
rNeg    + . .      Spirit   .    i - +0 plate armour
rPois   inf        Reflect  .    (no helmet)
rElec   +          Harm     .    (no cloak)
rCorr   .          Rampage  .    (no gloves)
Will    .....                    (no boots)
Stlth   ..........               (no amulet)
HPRegen 0.09/turn                (no ring)
MPRegen 0.09/turn                (no ring)

@: no status effects
A: sickness immunity, AC +3, negative energy resistance 1, electricity
resistance, torment resistance 1, petrification resistance
a: no special abilities


You were on level 4 of the Dungeon.
You visited 1 branch of the dungeon, and saw 4 of its levels.

You collected 165 gold pieces.


Innate Abilities, Weirdness & Mutations

You are immune to sickness and miasma.
Your stone body is resilient. (AC +3)
You are immune to poison.
You resist negative energy. (rN+)
You are resistant to electric shocks. (rElec)
You are resistant to unholy torment.
You are immune to petrification.


   Skills:
 - Level 3.2 Fighting
 + Level 4.3 Axes
 - Level 3.2 Armour
 - Level 3.2 Shields


You had 3 spell levels left.
You didn't know any spells.
Your spell library was empty.

Inventory:

Hand Weapons
 k - a +0 whip
 Y - a +0 war axe (weapon)
Missiles
 b - 6 boomerangs (quivered)
Armour
 c - a +0 buckler (worn)
 i - a +0 plate armour (worn)
Scrolls
 a - a scroll of identify
 f - a scroll of teleportation
Potions
 d - a potion of might
 e - a potion of curing
 g - a potion of attraction {unknown}
 j - a potion of flight {unknown}

Dungeon Overview and Level Annotations

Branches:
Dungeon (4/15)
 Temple: D:4-7

Altars:


Message History

2517 ||| READING scroll labelled YNEQAX MITIMN.
As you read the scroll labelled YNEQAX MITIMN, it crumbles to dust.
The scroll dissolves into smoke.
It was a scroll of fog.
Done exploring.
2518 ||| READING 2 scrolls of identify.
As you read the scroll of identify, it crumbles to dust.
e - a potion of curing;
2518 ||| IDENTIFYING sapphire potion Done exploring.
(D) Dungeon
Where to? (* - list waypoints, Enter - D:3, ? - help)
What level of the Dungeon? (default 1, ? - help)
There is a stone staircase leading down here.
You climb downwards.
Found a stone staircase leading down.
There is a stone staircase leading up here.
Existing waypoints: (1) D:2 (2) D:3 Assign waypoint to what number? (0-9, D - delete waypoint) Waypoint 1 re-assigned from D:2 to D:4.
Enter note: An ogre comes into view. It is wielding a +0 giant club.
Throw: 6 boomerangs
Press: ? - help, Q - select action Shift-Dir - straight line, f - ogre You throw a boomerang.
The boomerang barely misses the ogre.
Throw: 6 boomerangs
Press: ? - help, Q - select action Shift-Dir - straight line, f/p - ogre You throw a boomerang.
The boomerang hits the ogre but does no damage.
You barely miss the ogre. The ogre hits you but does no damage.
You hit the ogre but do no damage. The ogre barely misses you.
You slash the ogre!
The ogre is heavily wounded.
The ogre hits you with a +0 giant club!!
Ouch! That really hurt!
You hit the ogre.
The ogre is severely wounded.
The ogre hits you with a +0 giant club!
You die...

#.# #.# ####.#
####.....
.......#.#
........# # .
#....###.###.#
#.#.....@O......
##.#....###....##
# #......## ...#
#...#....# ..#
.#>...<.# ##
##.#...# #.#...#
# #...# #....


You could see an ogre.

Vanquished Creatures
  4 adders
  A worm (D:3)
  A dart slug (D:2)
  5 ball pythons
  10 bats
  2 endoplasms (D:2)
  A giant cockroach (D:2)
  8 goblins
  3 hobgoblins
  4 jackals (D:3)
  5 kobolds (D:2)
  A quokka (D:1)
  6 rats
51 creatures vanquished.

Notes
Turn   | Place    | Note
-------+----------+-------------------------------------------
     0 | D:1      | qw the Gargoyle Fighter began the quest for the Orb.
     0 | D:1      | Reached XP level 1. HP: 14/14 MP: 1/1
     0 | D:1      | 0 ||| qw: Version: 0.2-a-12-gaebbb33
     0 | D:1      | 0 ||| qw: Game counter: 1117
     0 | D:1      | 0 ||| qw: Always use a shield: true
     0 | D:1      | 0 ||| qw: God list: Okawaru
     0 | D:1      | 0 ||| qw: Allow faded altars: false
     0 | D:1      | 0 ||| qw: Do Orc after D:15 true
     0 | D:1      | 0 ||| qw: Do second Lair branch before Depths: true
     0 | D:1      | 0 ||| qw: Lair rune preference: random
     0 | D:1      | 0 ||| qw: Plans: Normal, Zot:1-4, God:TSO, Crypt, Tomb,
                  | Pan, Slime:5, Hells, Abyss, Orb
     0 | D:1      | 0 ||| PLANNING D:1-11
    20 | D:1      | 20 ||| Stepping ~*~*~tactically~*~*~ (stealth).
    51 | D:1      | 51 ||| Stepping ~*~*~tactically~*~*~ (stealth).
    56 | D:1      | 56 ||| Stepping ~*~*~tactically~*~*~ (stealth).
    83 | D:1      | Reached skill level 2 in Axes
   251 | D:1      | 251 ||| Stepping ~*~*~tactically~*~*~ (stealth).
   260 | D:1      | 260 ||| Stepping ~*~*~tactically~*~*~ (stealth).
   269 | D:1      | Reached XP level 2. HP: 19/19 MP: 2/2
   885 | D:1      | 885 ||| UPGRADING to +0 chain mail.
   895 | D:1      | 895 ||| DROPPING +0 scale mail.
   896 | D:1      | 896 ||| READING 3 scrolls labelled PEN YJONO LOQU.
   897 | D:1      | 897 ||| READING scroll labelled VUSTAONIMN.
   898 | D:1      | 898 ||| READING scroll labelled QEAMMUSH PIQOA.
   899 | D:1      | 899 ||| DRINKING 2 silvery potions.
   900 | D:1      | 900 ||| READING 2 scrolls of identify.
   900 | D:1      | 900 ||| IDENTIFYING orange potion
   901 | D:1      | 901 ||| DROPPING potion of brilliance.
   902 | D:1      | 902 ||| DROPPING potion of degeneration.
   999 | D:2      | Reached skill level 3 in Axes
   999 | D:2      | Reached XP level 3. HP: 20/23 MP: 3/3
  1064 | D:2      | Found a faded altar of an unknown god.
  1452 | D:2      | Reached XP level 4. HP: 28/28 MP: 4/4
  1491 | D:2      | 1491 ||| Stepping ~*~*~tactically~*~*~ (stealth).
  1569 | D:2      | 1569 ||| DROPPING +0 club.
  1857 | D:2      | 1857 ||| UPGRADING to +0 plate armour.
  1867 | D:2      | 1867 ||| DROPPING +0 chain mail.
  1868 | D:2      | 1868 ||| READING scroll labelled REMEME EKKALA.
  1869 | D:2      | 1869 ||| READING scroll labelled VIUPETU UJUM.
  1925 | D:3      | Reached skill level 4 in Axes
  1925 | D:3      | 1925 ||| STAIRDANCE
  2330 | D:3      | 2330 ||| Stepping ~*~*~tactically~*~*~ (stealth).
  2517 | D:3      | 2517 ||| READING scroll labelled YNEQAX MITIMN.
  2518 | D:3      | 2518 ||| READING 2 scrolls of identify.
  2518 | D:3      | 2518 ||| IDENTIFYING sapphire potion
  2536 | D:4      | Noticed an ogre
  2543 | D:4      | Slain by an ogre

Levels and vault maps discovered:
D:1:      enne_arrival_octagon_isle, layout_basic, minmay_misc_feat_x,
          minmay_pentomino_t4
D:2:      layout_loops_ring, dreamdust_ecumenical_altar_statues, serial_rivers,
          chequers_serial_rivers_micro_d, chequers_serial_rivers_small_a,
          chequers_serial_rivers_micro_d, chequers_serial_rivers_small_3,
          chequers_serial_rivers_micro_c
D:3:      layout_loops_ring, kennysheep_generic_room_11
D:4:      layout_loops_ring, led_sif_book, lightli_temple_of_fire,
          minmay_small_thing

Skill      XL: |  1  2  3  4 |
---------------+-------------+-----
Axes           | 2 3 4 |  4.3
Fighting       | |  3.2
Armour         | |  3.2
Shields        | |  3.2

Action                   |  1- 3 |  4- 6 || total
-------------------------+-------+-------++-------
Melee: War axe           |    89 |    75 ||   164
Throw: Boomerang         |       |     4 ||     4
  Use: Scroll            |     4 |     4 ||     8
       Potion            |     1 |       ||     1
Armor: Scale mail        |    16 |       ||    16
       Chain mail        |    44 |    10 ||    54
       Plate armour      |       |    51 ||    51
Dodge: Dodged            |    39 |    23 ||    62
Block: Buckler           |     8 |    15 ||    23

Table legend:
 A = Non-vault XP
 B = Vault XP
 C = Vault XP percentage of total XP
 D = Non-vault monster count
 E = Vault monster count
 F = Vault count percentage of total count
                 A         B        C        D         E       F
            +---------+---------+-------+---------+---------+-------
      Total |     128 |       7 |   5.2 |      46 |       5 |   9.8
            +---------+---------+-------+---------+---------+-------
        D:1 |      15 |       5 |  25.0 |       9 |       3 |  25.0
        D:2 |      73 |       0 |   0.0 |      22 |       0 |   0.0
        D:3 |      40 |       2 |   4.8 |      15 |       2 |  11.8
            +---------+---------+-------+---------+---------+-------
